 Dungeon Crawl Stone Soup version 0.27-a0-1301-g128193abf8 (webtiles) character file.

Game seed: 4819594102867101529

1722 Sobieck the Chopper (level 8, 0/68 HPs)
             Began as a Palentonga Abyssal Knight on June 17, 2021.
             Was a Priest of Lugonu.
             Killed from afar by an electric eel (15 damage)
             ... with a bolt of electricity
             ... on level 7 of the Dungeon.
             The game lasted 00:16:14 (7637 turns).

Sobieck the Chopper (Palentonga Abyssal Knight)     Turns: 7637, Time: 00:16:14

Health: 0/68       AC: 22    Str: 17    XL:     8   Next: 75%
Magic:  12/12      EV: 20    Int: 12    God:    Lugonu [***...]
Gold:   381        SH:  4    Dex: 11    Spells: 7/7 levels left

rFire    . . .     SeeInvis +   a - +0 broad axe {axe}
rCold    . . .     Faith    .   s - +0 buckler
rNeg     . . .     Spirit   .   j - +0 chain mail
rPois    +         Reflect  .   u - +1 helmet
rElec    .         Harm     .   G - +0 cloak
rCorr    .         Rampage  .   y - +0 pair of gloves
Will     .....                  (no barding)
Stlth    ..........             c - amulet of the acrobat
HPRegen  0.21/turn              l - ring of poison resistance
MPRegen  0.13/turn              t - +4 ring of protection

@: acrobatic, curled up
A: large, rugged brown scales 3, see invisible, deformed body, roll 1, armoured
tail, reflexive curl
a: Rolling Charge, Renounce Religion, Depart the Abyss, Bend Space, Banish


You were on level 7 of the Dungeon.
You worshipped Lugonu.
Lugonu was most pleased with you.
You visited 1 branch of the dungeon, and saw 8 of its levels.
You visited the Abyss 1 time.

You collected 381 gold pieces.


Innate Abilities, Weirdness & Mutations

You are completely covered in rugged brown scales. (AC +3, +7% HP)
You have supernaturally acute eyesight. (SInv)
Armour fits poorly on your strangely shaped body.
You can roll at nearby foes to attack.
You have a long armoured tail.
You curl defensively after being hit.


   Skills:
 + Level 6.2 Fighting
 * Level 7.5 Axes
 - Level 1.8 Armour
 - Level 1.0 Dodging
 - Level 2.4 Shields
 + Level 6.3 Invocations


You had 7 spell levels left.
You didn't know any spells.
Your spell library contained the following spells:

 Spells                   Type           Power      Damage    Failure   Level
 Corona                   Hex            0%         N/A       99%         1
 Magic Dart               Conj           0%         1d3       99%         1
 Summon Small Mammal      Summ           0%         N/A       99%         1
 Blink                    Tloc           N/A        N/A       100%        2
 Call Imp                 Summ           0%         N/A       100%        2
 Ensorcelled Hibernation  Hex/Ice        0%         N/A       100%        2
 Slow                     Hex            0%         N/A       100%        2
 Call Canine Familiar     Summ           0%         N/A       100%        3
 Confusing Touch          Hex            0%         N/A       100%        3
 Conjure Flame            Conj/Fire      0%         6-21      100%        3
 Dazzling Flash           Conj/Hex       0%         N/A       100%        3
 Gell's Gravitas          Tloc           0%         N/A       100%        3
 Mephitic Cloud           Conj/Pois/Air  0%         N/A       100%        3
 Summon Guardian Golem    Hex/Summ       0%         N/A       100%        3
 Tukima's Dance           Hex            0%         N/A       100%        3
 Petrify                  Tmut/Erth      0%         N/A       100%        4
 Summon Ice Beast         Ice/Summ       0%         N/A       100%        4
 Summon Lightning Spire   Summ/Air       0%         N/A       100%        4
 Metabolic Englaciation   Hex/Ice        0%         N/A       100%        5
 Yara's Violent Unravell  Hex/Tmut       0%         3d3       100%        5

Inventory:

Hand Weapons
 a - a +0 broad axe (weapon) {axe}
   (You found it on level 3 of the Dungeon)
 b - a +0 hunting sling {sling}
   (You took it off a goblin on level 3 of the Dungeon)
 g - a +1 hand axe of freezing {axe}
   (You found it on level 6 of the Dungeon)
 i - a +0 flail {mace}
   (You found it on level 1 of the Dungeon)
 v - a +2 dagger of protection {short}
   (You took it off a gnoll on level 4 of the Dungeon)
 w - a +1 hand axe {axe}
 B - the +6 falchion of Bubaikoe {protect, +Blink Will+ Int+2 Stlth+, long}
   (You found it on level 6 of the Dungeon)

   It grants its wielder temporary protection when it strikes (+7 to AC).
   It affects your intelligence (+2).
   It lets you blink.
   It increases your willpower.
   It makes you more stealthy.
 H - a +2 war axe of freezing {axe}
   (You found it on level 6 of the Dungeon)
Missiles
 e - a throwing net {=f!fthrowing}
 f - 216 stones (quivered) {throwing}
 k - 11 sling bullets
 p - 37 bolts
 q - 104 arrows
 z - 4 javelins {throwing}
Armour
 j - a +0 chain mail (worn)
   (You found it on level 1 of the Dungeon)
 s - a +0 buckler (worn)
   (You found it on level 2 of the Dungeon)
 u - a +1 helmet (worn)
   (You found it on level 3 of the Dungeon)
 y - a +0 pair of gloves (worn)
   (You found it on level 4 of the Dungeon)
 G - a +0 cloak (worn)
   (You found it on level 6 of the Dungeon)
Magical Staves
 F - a staff of poison {!astaff}
   (You found it on level 6 of the Dungeon)
Jewellery
 c - an amulet of the acrobat (around neck)
   (You found it on level 1 of the Dungeon)
 l - a ring of poison resistance (left hand)
   (You took it off a hobgoblin on level 1 of the Dungeon)
 t - a +4 ring of protection (right hand)
   (You found it on level 3 of the Dungeon)
 D - a ring of positive energy
   (You found it on level 6 of the Dungeon)
Wands
 C - a wand of acid (12)
   (You found it on level 6 of the Dungeon)
 J - a wand of iceblast (7)
   (You found it on level 7 of the Dungeon)
Scrolls
 m - 2 scrolls of teleportation {@r4}
 A - a scroll of fear
 E - a scroll of silence {unknown}
 I - a scroll of identify {unknown}
Potions
 d - a potion of might {unknown}
 h - 2 potions of degeneration {unknown}
 n - a potion of curing {unknown}
 o - a potion of attraction {unknown}
 r - a potion of mutation {unknown}
 x - 2 potions of heal wounds {unknown}

Dungeon Overview and Level Annotations

Branches:
Dungeon (8/15)             Temple (0/1) D:6
   Lair: D:8-11

Altars:
Dithmenos
Kikubaaqudgha
Makhleb
Xom
The Shining One

Shops:
D:2

* ####.. . #≈ #≈## ####
##......≈ .#≈#≈#.#≈# ##.....
#........ #.#;#...# >.......
#.......≈#...#...# .........
##......≈#...#...#≈..........
#......≈#...#≈#.#≈...........
#.......≈..#≈.≈#≈............
#........≈#≈#.#≈.............
###.........;.@.##.............
...........[...##..............
#............##..............
#.........###................
#........## ##..............#
#......### #..............#
##...### #>.............# #####
#............### #..).......###


You could see an electric eel.


Message History

😕 HP[-1]
You take 1 damage, and now have 67/68 hp.
You slash the wyvern zombie! The wyvern zombie bites you. 😕 HP[-2]
You take 2 damage, and now have 65/68 hp.
You slash the wyvern zombie! You tail-slap the wyvern zombie.
You destroy the wyvern zombie!
Lugonu accepts your kill. 😕 HP[+1] No target in view!
J - a wand of iceblast (7) 😎 HP[+2]
Your hp is fully restored (68).
Found a stone staircase leading down.
An orc wizard comes into view. It is wielding a +0 dagger.
The orc wizard shouts!
The orc wizard casts a spell at you. You resist with some effort.
You hit the orc wizard.
The orc wizard gestures at you while chanting.
The magic dart hits you but does no damage.
The orc wizard casts a spell at you.
The puff of flame hits you but does no damage.
You hit the orc wizard.
The orc wizard hits you but does no damage.
You barely miss the orc wizard. You block the orc wizard's attack.
You slash the orc wizard!
You kill the orc wizard!
Lugonu accepts your kill.
No target in view!
(D) Dungeon (T) Temple
Where to? (Enter - D:7, ? - help)
There is a stone staircase leading down here.
You climb downwards.
An orc comes into view. It is wielding a +0 dagger.
The orc shouts!
There is a stone staircase leading up here.
You slash the orc!
You kill the orc!
Lugonu accepts your kill.
No target in view!
No target in view!
(D) Dungeon (T) Temple
Where to? (Enter - D:8, ? - help)
There is a stone staircase leading up here.
You climb upwards.
There is a stone staircase leading down here.
Things that are here:
a +0 robe; a +0 dagger {short} An electric eel comes into view.
The electric eel shoots out a bolt of lightning at you!
The bolt of electricity hits you. 😕 HP[-5]
You take 5 damage, and now have 63/68 hp. 😕 HP[+1]
The electric eel shoots out a bolt of lightning at you!
The bolt of electricity misses you.
The electric eel shoots out a bolt of lightning at you!
The bolt of electricity misses you.
The electric eel shoots out a bolt of lightning at you!
The bolt of electricity hits you! 😕 HP[-11]
You take 11 damage, and now have 53/68 hp.
The electric eel shoots out a bolt of lightning at you!
The bolt of electricity hits you. 😮 HP[-4]
You take 4 damage, and now have 49/68 hp.
Roll where?
Press: ? - help, Dir - move target, f - electric eel
Aim: an electric eel (water)
You roll forward with a clatter of scales!
Your chain mail prevents you from hitting the electric eel.
Your tail-slap misses the electric eel.
An electric eel comes into view.
You miss the electric eel.
The electric eel shoots out a bolt of lightning at you!
The bolt of electricity hits you!
The electric eel shoots out a bolt of lightning at you!
The bolt of electricity hits you!
* * * LOW HITPOINT WARNING * * *
😨 HP[-18]
You take 18 damage, and now have 31/68 hp.
MASSIVE DAMAGE!! (PAUSE) Why would you want to do that? 😨 HP[+1]
The electric eel shoots out a bolt of lightning at you!
The bolt of electricity hits you.
* * * LOW HITPOINT WARNING * * *
The bolt of electricity misses you. 😨 HP[-5]
You take 5 damage, and now have 27/68 hp.
The electric eel shoots out a bolt of lightning at you!
The bolt of electricity hits you!
* * * LOW HITPOINT WARNING * * *
The bolt of electricity misses you. 😱 HP[-12]
You take 12 damage, and now have 15/68 hp.
The electric eel shoots out a bolt of lightning at you!
The bolt of electricity hits you!
You die...

Skill      XL: |  1  2  3  4  5  6  7  8 |
---------------+-------------------------+-----
Dodging        | 1 |  1.0
Invocations    | 3 4 5 6 |  6.3
Axes           | 3 4 6 7 |  7.5
Shields        | 1 2 |  2.4
Fighting       | 4 5 6 |  6.2
Armour         | |  1.8

Action                   |  1- 3 |  4- 6 |  7- 9 || total
-------------------------+-------+-------+-------++-------
Melee: Hand axe          |   104 |       |       ||   104
       Tailslap          |    13 |    11 |    18 ||    42
       Broad axe         |     9 |   114 |   136 ||   259
 Fire: Hunting sling     |       |    19 |     8 ||    27
Throw: Stone             |     1 |     4 |     8 ||    13
Invok: Depart the Abyss  |     1 |       |       ||     1
 Abil: Rolling Charge    |     8 |    16 |    12 ||    36
  Use: Scroll            |       |     5 |       ||     5
Armor: Leather armour    |    12 |       |       ||    12
       Ring mail         |    39 |    44 |       ||    83
       Chain mail        |       |    25 |    85 ||   110
Dodge: Dodged            |    55 |    40 |    36 ||   131
Block: Buckler           |     1 |    18 |    25 ||    44

Levels and vault maps discovered:
D:1:      minmay_arrival_radiant_lines, layout_basic,
          shapermc_ecumenical_altar_mp_ritualfount
D:2:      layout_basic, basic_altar, serial_shops, shop
D:3:      layout_loops_ring, grunt_dithmenos_smoke_and_mirrors,
          overflow_temple_1_default, grunt_ministairs_3
D:4:      layout_basic, eino_small_chamber_without_monster, minmay_starry_boxes
D:5:      layout_loops_corners
D:6:      layout_gridville, general_overflow_altar,
          minmay_temple_entry_overgrown, corexii_hall_statues_l,
          hangedman_decor_growths
D:7:      layout_cave_pods, nicolae_kikubaaqudgha_miasma_corner,
          nicolae_water_bricks
D:8:      layout_loops_corners, grunt_temple_overflow_gold_and_silver,
          minmay_overflow_temple_star_quad, uniq_gastronok

Notes
Turn   | Place    | Note
-------+----------+-------------------------------------------
     0 | Abyss:1  | Sobieck the Palentonga Abyssal Knight began the quest for
                  | the Orb.
     0 | Abyss:1  | Reached XP level 1. HP: 19/19 MP: 2/2
     0 | Abyss:1  | magus.rc [v1.9.6]
    50 | Abyss:1  | Noticed a flying skull
    50 | Abyss:1  | Noticed a starcursed mass
    51 | D:1      | You pass through the gate.
    51 | D:1      | Escaped the Abyss
   103 | D:1      | Reached skill level 1 in Dodging
   187 | D:1      | Reached XP level 2. HP: 24/25 MP: 3/3
   189 | D:1      | Reached * piety under Lugonu
   484 | D:1      | Found a faded altar of an unknown god.
   773 | D:2      | Found a shimmering altar of Xom.
   793 | D:2      | Reached XP level 3. HP: 28/31 MP: 4/4
  1299 | D:2      | Found Quoch's General Store.
  1857 | D:3      | You pick up a book of Misfortune and begin reading...
  1857 | D:3      | You add the spells Confusing Touch, Gell's Gravitas,
                  | Petrify, Metabolic Englaciation and Yara's Violent
                  | Unravelling to your library.
  1882 | D:3      | Found a shadowy altar of Dithmenos.
  2231 | D:3      | Reached XP level 4. HP: 15/38 MP: 6/6
  2427 | D:4      | Reached skill level 3 in Invocations
  2561 | D:3      | Noticed a scorpion
  2564 | D:3      | Killed a scorpion
  2565 | D:3      | Reached skill level 3 in Axes
  2565 | D:3      | Reached skill level 1 in Shields
  2565 | D:3      | Reached XP level 5. HP: 44/44 MP: 7/7
  2568 | D:3      | Reached skill level 4 in Fighting
  2671 | D:3      | Found a burning altar of Makhleb.
  2802 | D:3      | You pick up a book of Minor Magic and begin reading...
  2802 | D:3      | You add the spells Magic Dart, Blink, Call Imp, Slow,
                  | Conjure Flame and Mephitic Cloud to your library.
  3003 | D:3      | You pick up a book of Callings and begin reading...
  3003 | D:3      | You add the spells Summon Small Mammal, Call Canine
                  | Familiar, Summon Guardian Golem, Summon Lightning Spire and
                  | Summon Ice Beast to your library.
  3158 | D:3      | Reached ** piety under Lugonu
  3538 | D:4      | Reached XP level 6. HP: 47/51 MP: 8/8
  3716 | D:5      | Entered Level 5 of the Dungeon
  3762 | D:4      | Reached skill level 4 in Axes
  3762 | D:4      | Reached skill level 2 in Shields
  3762 | D:4      | Reached skill level 4 in Invocations
  4019 | D:4      | You pick up a book of Misfortune and begin reading...
  4832 | D:5      | Gained mutation: You curl defensively after being hit.
                  | [Palentonga growth]
  4832 | D:5      | Reached XP level 7. HP: 58/58 MP: 10/10
  5080 | D:5      | Reached skill level 5 in Axes
  5272 | D:5      | Reached skill level 5 in Fighting
  5513 | D:5      | Reached skill level 5 in Invocations
  5676 | D:5      | Reached skill level 6 in Axes
  5676 | D:5      | Reached XP level 8. HP: 61/66 MP: 11/11
  5877 | D:5      | You pick up a book of Callings and begin reading...
  6349 | D:6      | You pick up a book of Maledictions and begin reading...
  6349 | D:6      | You add the spells Corona, Ensorcelled Hibernation,
                  | Tukima's Dance and Dazzling Flash to your library.
  6357 | D:6      | Identified the +6 falchion of Bubaikoe {protect, +Blink
                  | Will+ Int+2 Stlth+}
  6429 | D:7      | Found an ancient bone altar of Kikubaaqudgha.
  6448 | D:6      | Found a staircase to the Ecumenical Temple.
  6638 | D:6      | Found a glowing golden altar of the Shining One.
  7162 | D:6      | Reached skill level 7 in Axes
  7170 | D:6      | Reached skill level 6 in Fighting
  7424 | D:6      | Reached *** piety under Lugonu
  7425 | D:6      | Reached skill level 6 in Invocations
  7636 | D:7      | HP: 15/68 [electric eel/bolt of electricity (12)]
  7637 | D:7      | Killed from afar by an electric eel

Vanquished Creatures
  A black bear (D:6)
  5 ogres
  An ice beast (D:6)
  A phantom (D:5)
  A bullfrog (D:7)
  2 wyvern zombies
  3 scorpions
  2 hounds (D:6)
  3 orc priests (D:5)
  A bullfrog skeleton (D:6)
  2 centaur skeletons
  4 orc wizards
  3 iguanas
  A hound skeleton (D:4)
  7 gnolls
  8 adders
  A shadow imp (D:6)
  2 white imps
  An adder zombie (D:5)
  An adder skeleton (D:4)
  2 dart slugs
  24 orcs
  7 ball pythons
  3 endoplasms
  7 goblins
  6 hobgoblins
  5 jackals (D:1)
  A bat (D:1)
  3 frilled lizards
  6 kobolds
  2 rats
116 creatures vanquished.

Vanquished Creatures (others)
  A fungus (D:1)
  A plant (D:1)
2 creatures vanquished.

Grand Total: 118 creatures vanquished

Table legend:
 A = Non-vault XP
 B = Vault XP
 C = Vault XP percentage of total XP
 D = Non-vault monster count
 E = Vault monster count
 F = Vault count percentage of total count
                 A         B        C        D         E       F
            +---------+---------+-------+---------+---------+-------
      Total |    2325 |     135 |   5.5 |     106 |      10 |   8.6
            +---------+---------+-------+---------+---------+-------
        D:1 |      30 |       0 |   0.0 |      19 |       0 |   0.0
        D:2 |      41 |       0 |   0.0 |      12 |       0 |   0.0
        D:3 |     224 |      44 |  16.4 |      20 |       4 |  16.7
        D:4 |     231 |      91 |  28.3 |      13 |       6 |  31.6
        D:5 |     908 |       0 |   0.0 |      21 |       0 |   0.0
        D:6 |     669 |       0 |   0.0 |      15 |       0 |   0.0
        D:7 |     219 |       0 |   0.0 |       5 |       0 |   0.0
        D:8 |       3 |       0 |   0.0 |       1 |       0 |   0.0
            +---------+---------+-------+---------+---------+-------

Illustrated notes

Table legend:
 A = Kills in this place as a percentage of kills in entire the game.
 B = Kills by you in this place as a percentage of kills by you in the entire game.
 C = Kills by friends in this place as a percentage of kills by friends in the entire game.
 D = Other kills in this place as a percentage of other kills in the entire game.
 E = Experience gained in this place as a percentage of experience gained in the entire game.
 F = Experience gained in this place divided by the number of levels of this place that you have seen.
                   A       B       C       D       E      F
               +-------+-------+-------+-------+-------+----------------------
         Total | 100.0 | 100.0 |   N/A |   N/A | 100.0 | 273.3
       Dungeon | 100.0 | 100.0 |   N/A |   N/A | 100.0 | 307.5
               +-------+-------+-------+-------+-------+----------------------

Table legend: (Time is in decaauts)
 A = Elapsed time spent in this place.
 B = Non-inter-level travel time spent in this place.
 C = Inter-level travel time spent in this place.
 D = Time resting spent in this place.
 E = Time spent auto-exploring this place.
 F = Levels seen in this place.
 G = Mean time per level.
                   A        B        C        D        E       F      G
               +--------+--------+--------+--------+--------+-----+--------+
         Total |   7781 |   7456 |    325 |   1989 |   4303 |   9 |  864.6 |
       Dungeon |   7730 |   7405 |    325 |   1989 |   4253 |   8 |  966.2 |
         Abyss |     51 |     51 |      0 |      0 |     50 |   1 |   51.0 |
               +--------+--------+--------+--------+--------+-----+--------+

Top non-repeatable levels by time:
     D:3: 1811 daAuts
     D:5: 1513 daAuts
     D:6: 1235 daAuts
     D:4: 1183 daAuts
     D:2: 1168 daAuts
     D:1: 637 daAuts
     D:7: 174 daAuts
 Abyss:1: 51 daAuts
     D:8: 7 daAuts
